PCL
HOUSTON HAMMERTIME @ MILE HIGH BRONCOS
07/29/2030
 
TOP OF THE 1ST
Houston Hammertime batting - Pitching for Mile High Broncos : LHP Francisco Rodríguez
Pitching: LHP Francisco Rodríguez
Batting: RHB Jorge Barbosa 0-0: Ball
1-0: Ball
2-0: Ball
3-0: Base on Balls
Batting: RHB Ron Elazar 0-0: Ball
1-0: Called Strike
1-1: Swinging Strike
1-2: Ball
2-2: Fly out, F7 (Flyball, 7)
Batting: LHB Francisco Cardenas 0-0: Ball
1-0: Foul Ball, location: 2F
1-1: Called Strike
1-2: Strikes out swinging
Batting: RHB José García 0-0: Fly out, F8 (Line Drive, 8RM)
Top of the 1st over - 0 runs, 0 hits, 0 errors, 1 left on base; Houston 0 - Mile High 0
BOTTOM OF THE 1ST
Mile High Broncos batting - Pitching for Houston Hammertime : RHP José Crus
Pitching: RHP José Crus
Batting: RHB José Darias 0-0: Ball
1-0: Ball
2-0: Ground out 6-3 (Groundball, 6)
Batting: SHB Michael Field 0-0: Fly out, F9 (Flyball, 89M)
Batting: RHB Rodney González 0-0: Ground out 4-3 (Groundball, 4)
Bottom of the 1st over - 0 runs, 0 hits, 0 errors, 0 left on base; Houston 0 - Mile High 0
TOP OF THE 2ND
Houston Hammertime batting - Pitching for Mile High Broncos : LHP Francisco Rodríguez
Batting: LHB Marcos Cantú 0-0: Foul Ball, location: 2F
0-1: Ball
1-1: Foul Ball, location: 2F
1-2: Strikes out looking
Batting: LHB Dave Gordon 0-0: Swinging Strike
0-1: Called Strike
0-2: Ball
1-2: Strikes out looking
Batting: LHB António Camacho 0-0: Ball
1-0: Called Strike
1-1: Ball
2-1: Ball
3-1: Base on Balls
Batting: RHB Juan Carlos 0-0: Called Strike
António Camacho is caught stealing 2nd base
Top of the 2nd over - 0 runs, 0 hits, 0 errors, 0 left on base; Houston 0 - Mile High 0
BOTTOM OF THE 2ND
Mile High Broncos batting - Pitching for Houston Hammertime : RHP José Crus
Batting: RHB António Martínez 0-0: Ball
1-0: Foul Ball, location: 2F
1-1: Ball
2-1: Called Strike
2-2: Foul Ball, location: 2F
2-2: Ground out 5-3 (Groundball, 5)
Batting: LHB Tony Báez 0-0: Ball
1-0: Called Strike
1-1: SOLO HOME RUN (Flyball, 9LD), Distance : 376 ft
Batting: RHB Evan Robinson 0-0: Called Strike
0-1: Ball
1-1: Ball
2-1: Fly out, F7 (Flyball, 78XD)
Batting: SHB Ben Marks 0-0: Ball
1-0: SINGLE (Line Drive, 78S)
Batting: RHB Tim Hanson 0-0: Called Strike
0-1: Swinging Strike
0-2: Ball
1-2: Strikes out looking
Bottom of the 2nd over - 1 run, 2 hits, 0 errors, 1 left on base; Houston 0 - Mile High 1
TOP OF THE 3RD
Houston Hammertime batting - Pitching for Mile High Broncos : LHP Francisco Rodríguez
Batting: RHB Juan Carlos 0-0: Foul Ball, location: 2F
0-1: Foul Ball, location: 2F
0-2: Ball
1-2: Foul Ball, location: 2F
1-2: Strikes out swinging
Batting: LHB Francisco Calderón 0-0: Ball
1-0: SINGLE (Groundball, 4MD)
Batting: RHB Jorge Barbosa 0-0: Ball
1-0: Ball
Error on foul ball, E7
2-1: Ball
3-1: Base on Balls
Francisco Calderón to second
Batting: RHB Ron Elazar 0-0: Ball
1-0: Ball
2-0: Ball
3-0: Called Strike
3-1: Foul Ball, location: 2F
3-2: Fly out, F9 (Flyball, 9S)
Batting: LHB Francisco Cardenas 0-0: Called Strike
0-1: Ball
1-1: Called Strike
1-2: Ball
2-2: Ball
3-2: Foul Ball, location: 2F
3-2: Strikes out swinging
Top of the 3rd over - 0 runs, 1 hit, 1 error, 2 left on base; Houston 0 - Mile High 1
BOTTOM OF THE 3RD
Mile High Broncos batting - Pitching for Houston Hammertime : RHP José Crus
Batting: SHB Paco Martínez 0-0: Ball
1-0: Ball
2-0: Reached on error, E5 (Groundball, 25)
Batting: RHB José Darias 0-0: Ball
1-0: Swinging Strike
1-1: Ball
2-1: Foul Ball, location: 2F
2-2: Fly out, F9 (Flyball, 89D)
Runner from 2nd tags up, SAFE at 3rd, no throw
Batting: SHB Michael Field 0-0: Called Strike
0-1: Ball
Passed Ball!
Paco Martínez scores
1-1: Called Strike
1-2: Fly out, F9 (Flyball, 9S)
Batting: RHB Rodney González 0-0: Ball
1-0: TRIPLE (Flyball, 9D)
Batting: RHB António Martínez 0-0: Ball
1-0: Called Strike
1-1: Called Strike
1-2: Foul Ball, location: 2F
1-2: Strikes out swinging
Bottom of the 3rd over - 1 run, 1 hit, 1 error, 1 left on base; Houston 0 - Mile High 2
TOP OF THE 4TH
Houston Hammertime batting - Pitching for Mile High Broncos : LHP Francisco Rodríguez
Batting: RHB José García 0-0: Ball
1-0: Called Strike
1-1: Foul Ball, location: 2F
1-2: Ball
2-2: Ball
3-2: SINGLE (Line Drive, 56D)
Batting: LHB Marcos Cantú 0-0: Swinging Strike
0-1: Fielders Choice at 2nd, 4-6 (Groundball, 34)
Batting: LHB Dave Gordon 0-0: Ball
1-0: Swinging Strike
1-1: Ball
2-1: Swinging Strike
2-2: Foul Ball, location: 2F
2-2: Strikes out swinging
Batting: LHB António Camacho 0-0: Called Strike
0-1: Swinging Strike
0-2: Strikes out swinging
Top of the 4th over - 0 runs, 1 hit, 0 errors, 1 left on base; Houston 0 - Mile High 2
BOTTOM OF THE 4TH
Mile High Broncos batting - Pitching for Houston Hammertime : RHP José Crus
Batting: LHB Tony Báez 0-0: Swinging Strike
0-1: Foul Ball, location: 2F
0-2: Foul Ball, location: 2F
0-2: Foul Ball, location: 2F
0-2: Ball
1-2: Foul Ball, location: 2F
1-2: Fly out, F7 (Flyball, 7D)
Batting: RHB Evan Robinson 0-0: Ground out 5-3 (Groundball, 56)
Batting: SHB Ben Marks 0-0: Called Strike
0-1: Ball
1-1: Ball
2-1: Foul Ball, location: 2F
2-2: Ball
3-2: Foul Ball, location: 2F
3-2: Foul Ball, location: 2F
3-2: Fly out, F4 (Popup, 34S)
Bottom of the 4th over - 0 runs, 0 hits, 0 errors, 0 left on base; Houston 0 - Mile High 2
TOP OF THE 5TH
Houston Hammertime batting - Pitching for Mile High Broncos : LHP Francisco Rodríguez
Batting: RHB Juan Carlos 0-0: Foul Ball, location: 2F
0-1: SINGLE (Groundball, 4MD)
Batting: LHB Francisco Calderón 0-0: Ball
1-0: Ball
2-0: Ball
3-0: Fly out, F7 (Line Drive, 7D)
Batting: RHB Jorge Barbosa 0-0: Ball
Juan Carlos steals 2nd base
1-0: Ball
2-0: Called Strike
2-1: Called Strike
2-2: Foul Ball, location: 2F
2-2: SINGLE (Line Drive, 8LS)
Juan Carlos to third
Batting: RHB Ron Elazar 0-0: Ball
1-0: Foul Ball, location: 2F
1-1: Ball
2-1: Ball
3-1: Base on Balls
Jorge Barbosa to second
Batting: LHB Francisco Cardenas 0-0: Called Strike
0-1: Ball
1-1: Foul Ball, location: 2F
1-2: Ball
2-2: Foul Ball, location: 2F
2-2: Ball
3-2: Foul Ball, location: 2F
3-2: Foul Ball, location: 2F
3-2: Foul Ball, location: 2F
3-2: SINGLE (Groundball, 6MD)
Juan Carlos scores
Jorge Barbosa to third
Ron Elazar to second
Runner from 3rd tries for Home, SAFE, no throw
Pitching: RHP José García
Batting: RHB José García 0-0: Ball
1-0: Fielders Choice at 2nd, 1-6 (Groundball, P)
Ron Elazar to third
Batting: LHB Marcos Cantú 0-0: Ball
1-0: Foul Ball, location: 2F
1-1: Foul Ball, location: 2F
1-2: Foul Ball, location: 2F
1-2: Ball
2-2: Strikes out swinging
Top of the 5th over - 2 runs, 3 hits, 0 errors, 2 left on base; Houston 2 - Mile High 2
BOTTOM OF THE 5TH
Mile High Broncos batting - Pitching for Houston Hammertime : RHP José Crus
Batting: RHB Tim Hanson 0-0: Fly out, F8 (Line Drive, 89D)
Batting: SHB Paco Martínez 0-0: Ball
1-0: Foul Ball, location: 2F
1-1: Foul Ball, location: 2F
1-2: Foul Ball, location: 2F
1-2: Strikes out swinging
Batting: RHB José Darias 0-0: Called Strike
0-1: Ball
1-1: Foul Ball, location: 2F
1-2: SINGLE (Line Drive, 6MD)
Batting: SHB Michael Field 0-0: Called Strike
0-1: Ball
1-1: Foul Ball, location: 2F
1-2: Strikes out swinging
Bottom of the 5th over - 0 runs, 1 hit, 0 errors, 1 left on base; Houston 2 - Mile High 2
TOP OF THE 6TH
Houston Hammertime batting - Pitching for Mile High Broncos : RHP José García
Batting: LHB Dave Gordon 0-0: Foul Ball, location: 2F
0-1: Ball
1-1: Hit by Pitch
Batting: LHB António Camacho 0-0: Ball
1-0: Foul Ball, location: 2F
1-1: Fielders Choice at 2nd, 6-4 (Groundball, 6M)
Batting: RHB Juan Carlos 0-0: Ball
1-0: SINGLE (Line Drive, 4)
António Camacho to second
Runner from 2nd tries for 3rd, SAFE, throw made to third
Batting: LHB Francisco Calderón 0-0: Ball
1-0: Foul Ball, location: 2F
1-1: Ball
2-1: Ball
3-1: Base on Balls
Juan Carlos to second
Batting: RHB Jorge Barbosa 0-0: Ball
1-0: Called Strike
1-1: Ball
2-1: Ball
3-1: Called Strike
3-2: Base on Balls
António Camacho scores
Juan Carlos to third
Francisco Calderón to second
Batting: RHB Ron Elazar 0-0: Foul Ball, location: 2F
0-1: Ball
1-1: Ball
2-1: Ball
3-1: Foul Ball, location: 2F
3-2: Base on Balls
Juan Carlos scores
Francisco Calderón to third
Jorge Barbosa to second
Pitching: LHP Todd Anderson
Batting: LHB Francisco Cardenas 0-0: Ball
1-0: SINGLE (Line Drive, 78S)
Francisco Calderón scores
Jorge Barbosa to third
Ron Elazar to second
Batting: RHB José García 0-0: Ball
1-0: Foul Ball, location: 2F
1-1: SINGLE (Groundball, 4) (infield hit)
Jorge Barbosa scores
Ron Elazar to third
Francisco Cardenas to second
Batting: LHB Marcos Cantú 0-0: Ball
1-0: Swinging Strike
1-1: Foul Ball, location: 2F
1-2: Ball
2-2: Ball
3-2: Base on Balls
Ron Elazar scores
Francisco Cardenas to third
José García to second
Batting: LHB Dave Gordon 0-0: Called Strike
0-1: Hit by Pitch
Francisco Cardenas scores
José García to third
Marcos Cantú to second
Batting: LHB António Camacho 0-0: Ball
1-0: Ball
2-0: Foul Ball, location: 2F
2-1: Foul Ball, location: 2F
2-2: Fielders Choice at 2nd, 6-4 (Groundball, 6M)
José García scores
Marcos Cantú to third
Batting: RHB Juan Carlos 0-0: Foul Ball, location: 2F
0-1: Swinging Strike
0-2: Foul Ball, location: 2F
0-2: Foul Ball, location: 2F
0-2: SINGLE (Groundball, 6) (infield hit)
Marcos Cantú scores
António Camacho to second
Batting: LHB Francisco Calderón 0-0: Ball
1-0: Ball
2-0: Foul Ball, location: 2F
2-1: Swinging Strike
2-2: Ground out 1-3 (Groundball, 15S)
Top of the 6th over - 8 runs, 4 hits, 0 errors, 2 left on base; Houston 10 - Mile High 2
BOTTOM OF THE 6TH
Mile High Broncos batting - Pitching for Houston Hammertime : RHP José Crus
Batting: RHB Rodney González 0-0: DOUBLE (Line Drive, 7LM)
Batting: RHB António Martínez 0-0: Ball
1-0: Ball
2-0: Called Strike
2-1: Swinging Strike
2-2: Foul Ball, location: 2F
2-2: Strikes out swinging
Batting: LHB Tony Báez 0-0: Ball
1-0: Ball
2-0: Called Strike
2-1: Called Strike
2-2: Foul Ball, location: 2F
2-2: Ball
3-2: Strikes out swinging
Batting: RHB Evan Robinson 0-0: Foul Ball, location: 2F
0-1: Fly out, F9 (Flyball, 9S)
Bottom of the 6th over - 0 runs, 1 hit, 0 errors, 1 left on base; Houston 10 - Mile High 2
TOP OF THE 7TH
Houston Hammertime batting - Pitching for Mile High Broncos : LHP Todd Anderson
Batting: RHB Jorge Barbosa 0-0: Called Strike
0-1: Ball
1-1: Ball
2-1: Ball
3-1: Called Strike
3-2: Base on Balls
Batting: RHB Ron Elazar 0-0: Ball
1-0: Swinging Strike
1-1: Ball
2-1: DOUBLE (Line Drive, 9LM)
Jorge Barbosa to third
Batting: LHB Francisco Cardenas 0-0: Ball
1-0: Ball
2-0: Foul Ball, location: 2F
2-1: Ball
3-1: Called Strike
3-2: Fly out, F8 (Flyball, 8LXD)
Runner from 3rd tags up, SCORES, no throw
Ron Elazar to third
Batting: RHB José García 0-0: SINGLE (Flyball, 4D)
Ron Elazar scores
Pitching: LHP Jorge García
Batting: LHB Marcos Cantú 0-0: Called Strike
0-1: Fly out, F8 (Line Drive, 8LM)
Batting: LHB Dave Gordon 0-0: Ball
1-0: Called Strike
José García is caught stealing 2nd base
Top of the 7th over - 2 runs, 2 hits, 0 errors, 0 left on base; Houston 12 - Mile High 2
BOTTOM OF THE 7TH
Mile High Broncos batting - Pitching for Houston Hammertime : RHP José Crus
Batting: SHB Ben Marks 0-0: SINGLE (Groundball, 56D)
Batting: RHB Tim Hanson 0-0: Ball
1-0: Ball
2-0: Called Strike
2-1: Ground out 6-3 (Groundball, 6)
Ben Marks to second
Batting: SHB Paco Martínez 0-0: Ball
1-0: Called Strike
1-1: Ball
2-1: Ball
3-1: Base on Balls
Batting: RHB José Darias 0-0: Called Strike
0-1: Ball
1-1: Ball
2-1: Swinging Strike
2-2: Strikes out swinging
Batting: SHB Michael Field 0-0: Foul Ball, location: 2F
0-1: Called Strike
0-2: Strikes out swinging
Bottom of the 7th over - 0 runs, 1 hit, 0 errors, 2 left on base; Houston 12 - Mile High 2
TOP OF THE 8TH
Houston Hammertime batting - Pitching for Mile High Broncos : LHP Jorge García
Batting: LHB Dave Gordon 0-0: Called Strike
0-1: Ball
1-1: Ball
2-1: Ball
3-1: Foul Ball, location: 2F
3-2: Base on Balls
Batting: LHB António Camacho 0-0: Called Strike
0-1: Ball
1-1: Fly out, F7 (Flyball, 78M)
Batting: RHB Juan Carlos 0-0: Foul Ball, location: 2F
0-1: Ball
1-1: Swinging Strike
1-2: Ball
2-2: DOUBLE (Line Drive, 78D)
Dave Gordon to third
Batting: LHB Francisco Calderón 0-0: Ball
1-0: Called Strike
1-1: Ball
2-1: Foul Ball, location: 2F
2-2: Ball
3-2: Fly out, F8 (Flyball, 8RM)
Runner from 3rd tags up, OUT at HOME
Top of the 8th over - 0 runs, 1 hit, 0 errors, 1 left on base; Houston 12 - Mile High 2
BOTTOM OF THE 8TH
Mile High Broncos batting - Pitching for Houston Hammertime : RHP Rodrigo Aguilar
Pitching: RHP Rodrigo Aguilar
Now at C: Raúl Salas
Batting: RHB Rodney González 0-0: Called Strike
0-1: DOUBLE (Flyball, 78D)
Batting: RHB António Martínez 0-0: Ground out 4-3 (Groundball, 4M)
Rodney González to third
Batting: LHB Tony Báez 0-0: Ball
1-0: Ball
2-0: Ball
3-0: Foul Ball, location: 2F
3-1: Base on Balls
Batting: RHB Evan Robinson 0-0: Foul Ball, location: 2F
0-1: Called Strike
0-2: Ball
1-2: Ball
2-2: Foul Ball, location: 2F
2-2: Ball
3-2: Base on Balls
Tony Báez to second
Batting: SHB Ben Marks 0-0: Swinging Strike
0-1: Grounds into double play, 5-4-3 (Groundball, 5)
Bottom of the 8th over - 0 runs, 1 hit, 0 errors, 2 left on base; Houston 12 - Mile High 2
TOP OF THE 9TH
Houston Hammertime batting - Pitching for Mile High Broncos : LHP Jorge García
Batting: RHB Jorge Barbosa 0-0: Ground out 5-3 (Groundball, 56)
Batting: RHB Ron Elazar 0-0: Ball
1-0: Foul Ball, location: 2F
1-1: Ball
2-1: Ball
3-1: Ground out 6-3 (Groundball, 6)
Batting: LHB Francisco Cardenas 0-0: Ball
1-0: Ball
2-0: Called Strike
2-1: Ball
3-1: Base on Balls
Batting: RHB José García 0-0: Called Strike
0-1: Called Strike
0-2: Ball
1-2: Foul Ball, location: 2F
1-2: Ground out 4-3 (Groundball, 4S)
Top of the 9th over - 0 runs, 0 hits, 0 errors, 1 left on base; Houston 12 - Mile High 2
BOTTOM OF THE 9TH
Mile High Broncos batting - Pitching for Houston Hammertime : RHP Rodrigo Aguilar
Batting: RHB Tim Hanson 0-0: Ball
1-0: Foul Ball, location: 2F
1-1: Called Strike
1-2: Ground out 6-3 (Groundball, 6)
Batting: SHB Paco Martínez 0-0: Ground out 4-3 (Groundball, 34)
Pinch Hitting: RHB Su-kweon Yu 0-0: Called Strike
0-1: Foul Ball, location: 2F
0-2: Ground out 3-1 (Groundball, 34)
Bottom of the 9th over - 0 runs, 0 hits, 0 errors, 0 left on base; Houston 12 - Mile High 2
Saturday, April 7th, 2018 - OOTP Baseball 18.8 Build 76